 Dungeon Crawl Stone Soup version 0.17-a0-1481-gfdcec5c (webtiles) character file.

826 Fluffy the Schismatic (level 7, 0/55 HPs)
             Began as a Demonspawn Abyssal Knight on July 4, 2015.
             Was an Elder of Lugonu.
             Succumbed to Parakulo's ghost's poison
             ... on level 5 of the Dungeon.
             The game lasted 00:10:47 (4155 turns).

Fluffy the Schismatic (Demonspawn Abyssal Knight)   Turns: 4155, Time: 00:10:48

Health: 0/55       AC:  7    Str: 14    XL:     7   Next: 64%
Magic:  1/11       EV: 10    Int: 13    God:    Lugonu [****..]
Gold:   237        SH:  0    Dex: 13    Spells: 0 memorised, 6 levels left

rFire  . . .     SeeInvis .     d - +0 war axe
rCold  . . .     Clarity  .     r - +0 scale mail
rNeg   . . .     SustAt   .     (no shield)
rPois  .         Gourm    .     (no helmet)
rElec  .         Spirit   +     (no cloak)
rCorr  .         Warding  .     (no gloves)
rMut   .         Stasis   +     (no boots)
MR     .....                    k - amulet of stasis
Stlth  ..........               (no ring)
                                i - +5 ring of slaying

@: lethally poisoned (0 -> -9), not resistant to hostile enchantments, extremely
unstealthy
A: spiny 1, magic shield
a: Depart the Abyss, Bend Space, Banish, Corrupt, Renounce Religion


You were on level 5 of the Dungeon.
You worshipped Lugonu.
Lugonu was greatly pleased with you.
You were not hungry.

You visited 1 branch of the dungeon, and saw 6 of its levels.
You visited the Abyss 1 time.

You collected 237 gold pieces.

Inventory:

Hand weapons
 d - a +0 war axe (weapon)
Missiles
 w - 5 javelins of penetration (quivered)
Armour
 r - a +0 scale mail (worn)
Jewellery
 i - a +5 ring of slaying (left hand)
 k - an amulet of stasis (around neck)
Scrolls
 a - a scroll of fear {unknown}
 b - 2 scrolls of fog {unknown}
 e - 6 scrolls of remove curse {unknown}
 f - 3 scrolls of identify
 n - a scroll of magic mapping {unknown}
 o - 2 scrolls of enchant armour {unknown}
 p - 2 scrolls of recharging {unknown}
 q - a scroll of blinking {unknown}
Potions
 j - a potion of agility
 l - a potion of ambrosia
 s - 2 potions of brilliance
 t - a potion of heal wounds
 u - a potion of haste
Comestibles
 c - 2 bread rations
 h - a royal jelly
 m - a meat ration
 v - 3 chunks of flesh


   Skills:
 + Level 4.9 Fighting
 + Level 3.8 Axes
 + Level 3.8 Armour
 + Level 3.4 Dodging
 + Level 5.5 Invocations


You had 6 spell levels left.
You didn't know any spells.

Dungeon Overview and Level Annotations

Branches:
Dungeon (6/15)             Temple (0/1) D:5

Altars:
Ashenzari
Gozag
Okawaru
Sif Muna
Zin

Shops:
D:5 :}(*

Annotations:
D:6 Parakulo's ghost, experienced DsNe


Innate Abilities, Weirdness & Mutations

You are partially covered in sharp spines.
When hurt, damage is shared between your health and your magic reserves.


Message History

Parakulo's ghost draws life force from you and is healed!
You closely miss Parakulo's ghost.
Parakulo's ghost is heavily damaged.
You feel sick.
Parakulo's ghost points at you and mumbles some strange words.
You struggle to resist.
You miss Parakulo's ghost.
Parakulo's ghost is heavily damaged.
You feel sick. Parakulo's ghost stares at you.
Parakulo's ghost is infused with unholy energy.
* * * LOW HITPOINT WARNING * * *
Parakulo's ghost draws life force from you and is healed!
* * * LOW HITPOINT WARNING * * *
You feel sick.
Parakulo's ghost is infused with unholy energy.
* * * LOW HITPOINT WARNING * * *
Parakulo's ghost draws life force from you and is healed!
You climb upwards.
You die...

.....#.....'..≈§≈>≈§≈.....##.....
.....#..#'##..≈≈§≈≈≈≈......+.....
........#∩##...≈≈§§≈.......#.....
........####....§≈≈..†.....#..(((
#####..#...####....##.....##.....
#.........#....##.....##.....
#.........#.....+.........)..
#.........#.....#............
#.........'.@...#............
#.....^..(#.....#............
#.........#.....#............
#.........#.....#............
#.........#...###....#####+##
#.........#...###....#.......
#####.........'...#......#.>.....
>.............#...#......+.......
.............(#...+......#.......


There were no monsters in sight!

Vanquished Creatures
  2 ogres (D:4)
  A scorpion (D:4)
  2 hounds
  3 orc priests
  4 orc wizards
  4 worker ants
  10 adders
  3 gnolls (D:2)
  An ooze (D:3)
  An adder skeleton (D:5)
  2 worms (D:4)
  2 giant geckos
  20 orcs
  A ball python (D:1)
  A bat skeleton (D:4)
  A bat zombie (D:6)
  7 hobgoblins
  10 bats
  4 giant cockroaches
  3 giant newts
  14 goblins
  A jackal skeleton (D:4)
  15 kobolds
  3 quokkas
  A quokka skeleton (D:4)
  A quokka zombie (D:5)
  22 rats
139 creatures vanquished.

Notes
Turn   | Place    | Note
--------------------------------------------------------------
     0 | Abyss:1  | Fluffy the Demonspawn Abyssal Knight began the quest for the Orb.
     0 | Abyss:1  | Reached XP level 1. HP: 18/18 MP: 2/2
    42 | Abyss:1  | Noticed a smoke demon
    43 | D:1      | Escaped the Abyss
   141 | D:1      | Acquired Lugonu's first power
   268 | D:1      | Reached skill level 1 in Dodging
   323 | D:1      | Gained mutation: When hurt, damage is shared between your health and your magic reserves. [demonic ancestry]
   323 | D:1      | Reached XP level 2. HP: 24/24 MP: 3/3
   808 | D:1      | Gained mutation: You are partially covered in sharp spines. [demonic ancestry]
   808 | D:1      | Reached XP level 3. HP: 29/29 MP: 5/5
  1135 | D:2      | Reached XP level 4. HP: 21/36 MP: 3/6
  1574 | D:2      | Found an iron altar of Okawaru.
  1584 | D:2      | Acquired Lugonu's second power
  1925 | D:3      | Reached XP level 5. HP: 32/42 MP: 7/7
  2159 | D:3      | Reached skill level 4 in Fighting
  2479 | D:4      | Reached XP level 6. HP: 25/48 MP: 5/9
  3050 | D:4      | Acquired Lugonu's third power
  3109 | D:4      | Noticed an ogre
  3119 | D:4      | Killed an ogre
  3134 | D:4      | Reached XP level 7. HP: 44/55 MP: 10/10
  3497 | D:5      | Entered Level 5 of the Dungeon
  3503 | D:5      | Reached skill level 5 in Invocations
  3566 | D:5      | Found a staircase to the Ecumenical Temple.
  3674 | D:5      | Found Xocitege's General Store.
  3804 | D:5      | Found Ijurol's Weapon Boutique.
  3857 | D:5      | Acquired Lugonu's fourth power
  3858 | D:5      | Found Mistoank's Gadget Shop.
  3926 | D:5      | Found a deep blue altar of Sif Muna.
  3932 | D:5      | Found an opulent altar of Gozag.
  3932 | D:5      | Found a shattered altar of Ashenzari.
  3976 | D:5      | Found a glowing silver altar of Zin.
  3976 | D:5      | Noticed an angel
  4033 | D:5      | Found Owaipnul's Book Shoppe.
  4117 | D:6      | Noticed Parakulo's ghost (experienced DsNe)
  4154 | D:6      | HP: 1/55 [Parakulo's ghost/vampiric draining (7)]
  4155 | D:5      | Succumbed to Parakulo's ghost's poison

Vault maps used:
D:1:      lordsloth_arrival_two_stooges, minmay_rat_gold_closets
D:2:      first_bread, serial_bayou_pond_e, supply_closet_lemuel,
          okawaru_altar_gauntlet_db
D:5:      zin_angel, gammafunk_temple_overflow_forgotten,
          minmay_temple_entry_mist, serial_shops, shop, shop_fountains,
          nicolae_shop_crystal, nicolae_shop_window_shopping
D:6:      kennysheep_steamy, lightli_temple_of_fire, serial_shops,
          nicolae_shop_window_shopping

Action                   |  1- 3 |  4- 6 |  7- 9 || total
-------------------------+-------+-------+-------++-------
Melee: Hand axe          |    88 |    95 |    19 ||   202
       War axe           |       |       |    40 ||    40
Invok: Depart the Abyss  |     1 |       |       ||     1
       Bend Space        |       |     1 |       ||     1
  Use: Scroll            |       |       |     7 ||     7
  Eat: Chunk             |     1 |     6 |     4 ||    11
